 Dungeon Crawl Stone Soup version 0.27.0-1-g7a089689b8 (webtiles) character file.

Game seed: 1069745477651221553

1029 PentaManta the Grappler (level 8, -19/63 HPs)
             Began as a Ghoul Monk on Aug 16, 2021.
             Was a Believer of Nemelex Xobeh.
             Killed from afar by Pikel (20 damage)
             ... with a bolt of acid
             ... on level 5 of the Dungeon.
             The game lasted 00:11:37 (5761 turns).

PentaManta the Grappler (Ghoul Monk)                Turns: 5761, Time: 00:11:38

Health: -19/63     AC:  4    Str: 17    XL:     8   Next: 23%
Magic:  7/7        EV:  7    Int:  5    God:    Nemelex Xobeh [**....]
Gold:   233        SH:  0    Dex: 11    Spells: 7/7 levels left

rFire    . . .     SeeInvis .     - Unarmed
rCold    + . .     Faith    .   (no shield)
rNeg     + + +     Spirit   .   p - +0 chain mail
rPois    ∞         Reflect  .   (no helmet)
rElec    .         Harm     .   (no cloak)
rCorr    .         Rampage  .   (no gloves)
Will     .....                  (no boots)
Stlth    ..........             (no amulet)
HPRegen  0.00/turn              (no ring)
MPRegen  0.10/turn              (no ring)

@: corroded, inhibited regen
A: claws 1, cold resistance 1, negative energy resistance 3, inhibited
regeneration, torment resistance 2
a: Renounce Religion, Draw Escape, Draw Destruction, Draw Summoning


You were on level 5 of the Dungeon.
You worshipped Nemelex Xobeh.
Nemelex Xobeh was pleased with you.
You visited 2 branches of the dungeon, and saw 6 of its levels.

You collected 233 gold pieces.

Inventory:

Missiles
 b - 5 boomerangs (quivered)
 i - a javelin
Armour
 j - a +0 scale mail
 k - a +0 pair of gloves
 p - a +0 chain mail (worn)
Jewellery
 r - an amulet of the acrobat
Wands
 q - a wand of flame (15)
Scrolls
 a - a scroll of acquirement {unknown}
 h - 2 scrolls of enchant weapon {unknown}
 l - a scroll of amnesia {unknown}
 m - a scroll of teleportation
 n - 2 scrolls of vulnerability {unknown}
 o - a scroll of fear {unknown}
Potions
 c - a potion of cancellation {unknown}
 d - a potion of flight {unknown}
 e - 2 potions of curing {unknown}
 f - a potion of lignification {unknown}
 g - a potion of heal wounds


   Skills:
 - Level 3.2 Fighting
 - Level 2.6 Dodging
 - Level 2.1 Stealth
 + Level 10.6 Unarmed Combat


You had 7 spell levels left.
You didn't know any spells.
Your spell library contained the following spells:

 Spells                   Type           Power      Damage    Failure   Level
 Foxfire                  Conj/Fire      0%         2x1d4     100%        1
 Conjure Flame            Conj/Fire      0%         6-21      100%        3
 Gell's Gravitas          Tloc           0%         N/A       100%        3
 Inner Flame              Hex/Fire       0%         N/A       100%        3
 Lesser Beckoning         Tloc           0%         N/A       100%        3
 Teleport Other           Tloc           0%         N/A       100%        3
 Summon Hydra             Summ           0%         N/A       100%        7
 Sublimation of Blood     Necr           Unusable   N/A       N/A         2
 Wereblood                Tmut           Unusable   N/A       N/A         2

Dungeon Overview and Level Annotations

Branches:
Dungeon (5/15)             Temple (1/1) D:5

Altars:
Ashenzari
Cheibriados
Dithmenos
Gozag
Makhleb
Nemelex Xobeh
Okawaru
Sif Muna
Trog
Vehumet
Yredelemnul
Zin
The Shining One

Shops:
D:1 [   D:2 (

Annotations:
D:4 Natasha
D:5 exclusion: upstairs, Pikel


Innate Abilities, Weirdness & Mutations

You thrive by killing the living.
You are immune to poison.
You have sharp fingernails.
Your flesh is cold resistant. (rC+)
You are immune to negative energy. (rN+++)
You do not regenerate when monsters are visible.
You are immune to unholy pain and torment.


Message History

Throw: 5 boomerangs
Press: ? - help, Q - select action, (/) - cycle Shift-Dir - straight line, f - Pikel
Aim: Pikel, wielding a +0 whip of electrocution, wearing a +0 robe and carrying a wand of acid (12) (43% to hit)
You throw a boomerang.
The boomerang hits Pikel but does no damage.
Pikel zaps a wand.
The bolt of acid hits you!! The acid corrodes you!
You are splashed with acid!
Okay, then.
You draw a card...
You have drawn Pain.
Press: ? - help, Shift-Dir - straight line, f/p - Pikel
Aim: Pikel, wielding a +0 whip of electrocution, wearing a +0 robe and carrying a wand of acid (11) Pikel convulses!
You draw a card...
You have drawn Pain.
Press: ? - help, Shift-Dir - straight line, f/p - Pikel
Aim: Pikel, wielding a +0 whip of electrocution, wearing a +0 robe and carrying a wand of acid (11) (heavily wounded) Pikel convulses!
You draw a card...
You have drawn the Storm.
A fierce wind blows from the card.
Pikel is blown away by the wind.
You hear mighty peals of thunder!
The deck of cards disappears without a trace.
Pikel says, "You'll make a fine lemure."
Pikel zaps a wand.
The bolt of acid hits you!
* * * LOW HITPOINT WARNING * * *
You are splashed with acid!
* * * LOW HITPOINT WARNING * * *
That deck is empty!
Unknown command.
That deck is empty!
You draw a card...
You have drawn the Rangers.
Your centaur barely misses Pikel.
Your centaur closely misses Pikel.
Your centaur hits Pikel.
Your centaur kicks Pikel but does no damage.
Your centaur closely misses Pikel. x2; Pikel zaps a wand.
The bolt of acid misses you.
Your centaur barely misses Pikel.
Your centaur misses Pikel. Your centaur misses Pikel.
Your centaur closely misses Pikel.
Pikel zaps a wand.
The bolt of acid hits you!!
You die...
Your body disappears without a glow.

...####................##........
..#####.........###....###..##...
#...##.........##......#....#...#
#...#..........#.............#...
###................#..##.........
##.#............###...#.....#..#
#..#.............##......##.###.
###...............##..#..#.### #.
................@###........# #.
..................##........# ##
..(.....#.#........K........#
.#..##..#####......cc...#....#
######.## #........#####...# ###
##....#.## #.## ######## ##


You could see Pikel (ally target) and 2 friendly centaurs.

Vanquished Creatures
  2 yaks (D:4)
  A necrophage (D:4)
  A centaur (D:5)
  A phantom (D:4)
  4 lemures
  2 bullfrog skeletons (D:5)
  2 hounds
  Natasha (twice) (D:4)
  Terence (D:2)
  2 iguanas
  A hound skeleton (D:5)
  2 howler monkey zombies (D:5)
  9 gnolls
  3 adders
  2 ufetubi (D:5)
  3 worms
  4 dart slugs
  An orc (D:3)
  8 endoplasms
  4 giant cockroaches
  12 goblins
  8 hobgoblins
  3 quokkas
  6 ball pythons
  A bat (D:3)
  6 frilled lizards
  4 kobolds
  10 rats
105 creatures vanquished.

Vanquished Creatures (others)
  5 plants
5 creatures vanquished.

Grand Total: 110 creatures vanquished

Notes
Turn   | Place    | Note
-------+----------+-------------------------------------------
     0 | D:1      | PentaManta the Ghoul Monk began the quest for the Orb.
     0 | D:1      | Reached XP level 1. HP: 19/19 MP: 0/0
   144 | D:1      | Reached XP level 2. HP: 25/26 MP: 1/1
   176 | D:1      | Reached skill level 4 in Unarmed Combat
   335 | D:1      | Found Umethre's Armour Shoppe.
   363 | D:1      | Reached XP level 3. HP: 31/31 MP: 2/2
   756 | D:1      | Reached skill level 5 in Unarmed Combat
   785 | D:1      | Found a faded altar of an unknown god.
   989 | D:1      | Reached XP level 4. HP: 38/38 MP: 3/3
  1293 | D:2      | Noticed Terence
  1311 | D:2      | Killed Terence
  1675 | D:1      | Reached skill level 6 in Unarmed Combat
  1748 | D:2      | Reached XP level 5. HP: 32/45 MP: 4/4
  1939 | D:2      | Found Vah Ycso's Weapon Emporium.
  2752 | D:3      | Reached skill level 7 in Unarmed Combat
  2816 | D:3      | Reached XP level 6. HP: 44/51 MP: 5/5
  2969 | D:3      | Found a shadowy altar of Dithmenos.
  3451 | D:5      | Entered Level 5 of the Dungeon
  3539 | D:4      | Noticed a yak
  3540 | D:4      | Noticed a yak
  3541 | D:4      | Noticed a yak
  3541 | D:4      | Noticed a yak
  3541 | D:4      | Noticed Natasha
  3585 | D:5      | Reached skill level 8 in Unarmed Combat
  3703 | D:5      | Noticed Pikel
  4040 | D:4      | Killed Natasha
  4041 | D:4      | Reached XP level 7. HP: 51/57 MP: 6/6
  4763 | D:4      | Noticed Natasha
  4779 | D:4      | Killed Natasha
  4780 | D:4      | Reached skill level 9 in Unarmed Combat
  4885 | D:4      | Noticed a yak
  4900 | D:4      | Killed a yak
  4922 | D:4      | Killed a yak
  4923 | D:4      | Reached skill level 10 in Unarmed Combat
  4923 | D:4      | Reached XP level 8. HP: 38/63 MP: 7/7
  4937 | D:4      | Noticed Natasha
  5505 | D:5      | Found a staircase to the Ecumenical Temple.
  5542 | Temple   | Entered the Ecumenical Temple
  5609 | Temple   | Became a worshipper of Nemelex Xobeh the Trickster
  5609 | Temple   | Reached * piety under Nemelex Xobeh
  5609 | Temple   | Received a gift from Nemelex Xobeh
  5609 | Temple   | Reached ** piety under Nemelex Xobeh
  5757 | D:5      | HP: 1/63 [acid (12)]
  5761 | D:5      | Killed from afar by Pikel

Illustrated notes

Levels and vault maps discovered:
D:1:      lightli_arrival_windingriver, layout_basic, serial_bayou,
          serial_bayou_pond_e, serial_bayou_lagoon_a, serial_bayou_pond_b,
          serial_bayou_pond_d, serial_bayou_ford_a, basic_ecumenical_altar,
          serial_shops, shop
D:2:      layout_basic, serial_shops,
          nicolae_shop_temple_entry_statues_fountains, uniq_terence
D:3:      layout_basic, grunt_dithmenos_smoke, grunt_decor_resistance
D:4:      layout_cave_pods, zin_academy, uniq_natasha
D:5:      layout_cave_pools, minmay_temple_entry_gardened_gates,
          nrook_pool_corridor, uniq_pikel
Temple:   jpeg_temple_clearing

Skill      XL: |  1  2  3  4  5  6  7 |
---------------+----------------------+-----
Unarmed Combat | 4 5 6 7 8 10 | 10.6
Fighting       | |  3.2
Dodging        | |  2.6
Stealth        | |  2.1

Action                   |  1- 3 |  4- 6 |  7- 9 || total
-------------------------+-------+-------+-------++-------
Melee: Unarmed           |    97 |   168 |    95 ||   360
       Punch             |     2 |     5 |     4 ||    11
Throw: Boomerang         |       |     4 |     1 ||     5
       Javelin           |       |       |     5 ||     5
Invok: Draw Destruction  |       |       |     3 ||     3
       Draw Summoning    |       |       |     1 ||     1
  Use: Potion            |       |     1 |     2 ||     3
       Scroll            |       |       |     1 ||     1
 Stab: Sleeping          |     3 |       |       ||     3
Armor: Robe              |     7 |       |       ||     7
       Scale mail        |       |    54 |    17 ||    71
       Ring mail         |       |     4 |       ||     4
       Chain mail        |       |       |     3 ||     3
Dodge: Dodged            |    40 |    86 |    33 ||   159
